 Dungeon Sprint DCSS version 0.30-a0-54-g2e61a25929 (webtiles) character file.

Game seed: 1945828108109649251

3020 Ankalagon the Martial Artist (level 9, -1/135 HPs)
             Began as a Red Draconian Monk on Sept 7, 2022.
             Was an Initiate of Gozag.
             Slain by a death drake (6 damage)
             ... in the Dungeon (Sprint II: "The Violet Keep of Menkaure").
             The game lasted 00:09:04 (1126 turns).

Ankalagon the Martial Artist (Red Draconian Monk)   Turns: 1126, Time: 00:09:04

Health: -1/135     AC: 24    Str: 13    XL:     9   Next: 55%
Magic:  9/9        EV:  2    Int: 10    God:    Gozag
Gold:   58         SH:  5    Dex: 19    Spells: 8/8 levels left

rFire   . . .      SeeInvis .      - Unarmed
rCold   + . .      Faith    .    (no shield)
rNeg    . . .      Spirit   .    (body armour unavailable)
rPois   +          Reflect  +    (helmet currently unavailable)
rElec   .          Harm     .    (cloak currently unavailable)
rCorr   .          Rampage  .    (gloves currently unavailable)
Will    .....      NoTele   +    (boots currently unavailable)
Stlth   +++++.....               r - amulet of reflection
HPRegen 0.32/turn                n - ring of protection from cold
MPRegen 0.11/turn                q - ring of poison resistance

@: tree-form, gold aura, slowed, very slow
A: stationary, stasis, torment immunity, boosted hp, (breathe fire), AC +7,
unfitting armour, (fire resistance 1), (cold-blooded)
a: Renounce Religion, Potion Petition, Call Merchant, Bribe Branch


You were in the Dungeon.
You worshipped Gozag.
Gozag was noncommittal.
You were a tree.
You visited 1 branch You collected 2706 gold pieces.
You spent 2648 gold pieces at shops.

Inventory:

Armour
 f - a +1 hat (melded)
 h - a +0 pair of gloves (melded)
 i - a scarf of repulsion (melded)
 j - a +0 pair of boots (melded)
Jewellery
 n - a ring of protection from cold (left branch)
 q - a ring of poison resistance (right branch)
 r - an amulet of reflection (around neck)
 x - a ring of ice
 A - a ring of ice
Scrolls
 g - 2 scrolls of blinking
 t - 2 scrolls of butterflies
 u - a scroll of amnesia
 v - a scroll of poison {unknown}
 w - a scroll of acquirement {unknown}
 y - a scroll of fear {unknown}
 B - a scroll of torment {unknown}
 C - a scroll of enchant weapon {unknown}
Potions
 a - a potion of ambrosia
 b - 3 potions of curing
 c - 3 potions of berserk rage
 d - 2 potions of haste
 e - 5 potions of magic
 k - 4 potions of flight
 l - 2 potions of mutation
 m - 3 potions of might
 o - 4 potions of heal wounds
 p - 3 potions of attraction
 z - 3 potions of resistance
 D - a potion of cancellation


   Skills:
 + Level 12.1 Fighting
 + Level 10.3 Dodging
 - Level 10.4 Stealth
 + Level 13.3 Unarmed Combat


You had 8 spell levels left.
You didn't know any spells.
Your spell library contained the following spells:

 Spells                   Type           Power      Damage    Failure   Level
 Shock                    Conj/Air       0%         1d3       36%         1
 Swiftness                Air            0%         N/A       75%         3
 Airstrike                Air            0%         2d(0-16)  98%         4


Dungeon Overview and Level Annotations

Branches:
Dungeon (1/1)

Altars:
Cheibriados
Dithmenos
Elyvilon
Fedhas
Gozag
Hepliaklqana
Kikubaaqudgha
Makhleb
Nemelex Xobeh
Okawaru
Qazlal
Ru
Sif Muna
Trog
Uskayaw
Vehumet
Wu Jian
Xom
Yredelemnul
Zin
The Shining One
Jiyva
Lugonu

Shops:
D :==[:?[[*:(!*!

Annotations:
D exclusion: oklob plant, Roxanne


Innate Abilities, Weirdness & Mutations

You are a tree.
Your roots penetrate the ground, keeping you stationary.
You cannot be teleported.
You are immune to unholy pain and torment.
Your maximum health is greatly increased.
Your equipment is partially melded.
((You can breathe blasts of fire.))
((Your fiery red scales are hard. (AC +7)))
You cannot fit into any form of body armour.
((Your flesh is heat resistant. (rF+)))
((You are cold-blooded and may be slowed by cold attacks.))


Message History

The death drake bites you but does no damage.
You pummel the crystal guardian!!
The crystal guardian is heavily damaged.
The death drake breathes miasma at you.
The foul vapour engulfs you but does no damage.
The crystal guardian hits you!
The swamp drake is engulfed in dark miasma.
The swamp drake is poisoned.
The swamp drake seems to slow down.
The swamp drake dies!
You hit the crystal guardian but do no damage.
The crystal guardian is heavily damaged.
You are engulfed in dark miasma.
You feel yourself slow down. The death drake bites you.
The crystal guardian hits you.
You smack the crystal guardian!
The crystal guardian is heavily damaged.
You are engulfed in dark miasma.
You are poisoned.
You feel as though you will be slow longer.
You feel very sick.
The death drake bites you but does no damage.
The crystal guardian hits you.
* * * LOW HITPOINT WARNING * * *
Unknown command.
You feel better.
You are engulfed in dark miasma.
* * * LOW HITPOINT WARNING * * *
The death drake bites you but does no damage.
The crystal guardian hits you but does no damage.
The death drake bites you but does no damage.
You closely miss the death drake. The death drake breathes miasma at you.
The foul vapour engulfs you but does no damage.
The crystal guardian fires a crystalline bolt at you.
The crystal bolt freezes you! You resist.
* * * LOW HITPOINT WARNING * * *
The death drake breathes miasma at you. The foul vapour engulfs you!
* * * LOW HITPOINT WARNING * * *
The death drake bites you.
You die...
Your body crumbles into a pile of gold.

$ $ ▓▓▓ $$ ~§..~ $ ..▓$ $ ~~~. $
$ ▓▓+▓▓▓▓.▓ $ $ $ §8.~ +..○▓0..▓
$ .§~ ..## #.°.▓▓▓▓▓▓▓▓▓▓ ~~.
.^.###.°°▓≈§§≈≈§≈≈▓▓ +#+++##
...#○##"○▓▓▓▓▓▓▓▓▓▓▓ ......#$
..#9k#}=▓...)[).)▓▓ #+##..
#.#k♣#|)▓.)..)[(.▓▓ ...##.####$
+.##○#)=▓......).▓▓ )#..#....#
#..○####▓...(....▓▓ ...####..##
##○○##.#▓..)(|(..▓▓ #'###.##..#
$+.○#..#▓).....))▓▓ #.##..##..#$
#.^#..#▓[[...)..▓▓
.<.'##.'..####..##)#▓....)..(▓▓
#.##..##....###^..##▓▓▓▓▓▓▓'▓▓▓▓+
#'###.##......~~~~~~~~§~~~~..wXw≈


You could see 2 death drakes and a crystal guardian.

Vanquished Creatures
  A merfolk siren (D)
  A yaktaur (D)
  3 polar bears (D)
  A hornet (D)
  A blink frog (D)
  2 wyverns (D)
  5 water moccasins (D)
  A swamp drake (D)
  4 necrophages (D)
  4 scorpions (D)
23 creatures vanquished.

Vanquished Creatures (others)
  Menkaure (D)
  A swamp drake (D)
  4 tentacles (D)
6 creatures vanquished.

Grand Total: 29 creatures vanquished

Notes
Turn   | Place    | Note
-------+----------+-------------------------------------------
     0 | D        | Ankalagon the Draconian Monk began the quest for the Orb.
     0 | D        | Reached XP level 1. HP: 19/19 MP: 1/1
     1 | D        | Noticed a wyvern
     1 | D        | Noticed a wyvern
     4 | D        | Noticed a scorpion
     4 | D        | Noticed a scorpion
     4 | D        | Noticed a scorpion
     4 | D        | Noticed a scorpion
    10 | D        | Killed a scorpion
    11 | D        | Reached skill level 8 in Unarmed Combat
    11 | D        | Reached XP level 2. HP: 26/26 MP: 2/2
    11 | D        | Reached XP level 3. HP: 31/31 MP: 3/3
    13 | D        | Killed Menkaure
    15 | D        | Killed a scorpion
    16 | D        | Reached XP level 4. HP: 41/41 MP: 4/4
    20 | D        | Killed a scorpion
    21 | D        | Reached skill level 5 in Fighting
    21 | D        | Reached skill level 9 in Unarmed Combat
    21 | D        | Reached XP level 5. HP: 48/48 MP: 5/5
    25 | D        | Reached skill level 5 in Dodging
    55 | D        | Found a snail-covered altar of Cheibriados.
    56 | D        | Found a shadowy altar of Dithmenos.
    57 | D        | Found a white marble altar of Elyvilon.
    57 | D        | Found an ancient bone altar of Kikubaaqudgha.
    57 | D        | Found a viscous altar of Jiyva.
    58 | D        | Found a blossoming altar of Fedhas.
    58 | D        | Found a corrupted altar of Lugonu.
    58 | D        | Found a shimmering blue altar of Sif Muna.
    58 | D        | Noticed a water moccasin
    59 | D        | Found an opulent altar of Gozag.
    59 | D        | Found a burning altar of Makhleb.
    59 | D        | Found a bloodstained altar of Trog.
    60 | D        | Found a sparkling altar of Nemelex Xobeh.
    60 | D        | Found a hide-covered altar of Uskayaw.
    69 | D        | Killed a water moccasin
    70 | D        | Reached skill level 5 in Stealth
    70 | D        | Reached XP level 6. HP: 44/58 MP: 6/6
    72 | D        | Found a basalt altar of Yredelemnul.
    73 | D        | Found an iron altar of Okawaru.
    73 | D        | Found a radiant altar of Vehumet.
    73 | D        | Found a glowing silver altar of Zin.
    73 | D        | Found a hazy altar of Hepliaklqana.
    73 | D        | Found a sacrificial altar of Ru.
    73 | D        | Found a shimmering altar of Xom.
    74 | D        | Found a stormy altar of Qazlal.
    74 | D        | Found an ornate altar of the Wu Jian Council.
    74 | D        | Found a glowing golden altar of the Shining One.
    76 | D        | Noticed a water moccasin
    77 | D        | Noticed a water moccasin
    79 | D        | Became a worshipper of Gozag Ym Sagoz the Greedy
   183 | D        | Reached skill level 10 in Unarmed Combat
   194 | D        | Your scales start taking on a fiery red colour.
   194 | D        | Reached XP level 7. HP: 59/68 MP: 7/7
   194 | D        | Gained mutation: Your flesh is heat resistant. (rF+) [Red
                  | Draconian growth]
   233 | D        | Noticed a merfolk siren
   239 | D        | Killed a merfolk siren
   240 | D        | Reached skill level 11 in Unarmed Combat
   263 | D        | Killed a wyvern
   264 | D        | Reached XP level 8. HP: 73/78 MP: 8/8
   290 | D        | Noticed a flying skull
   290 | D        | Noticed a flying skull
   290 | D        | Noticed a flying skull
   291 | D        | Noticed a flying skull
   291 | D        | Noticed a flying skull
   291 | D        | Noticed a flying skull
   291 | D        | Noticed a flying skull
   291 | D        | Noticed a flying skull
   291 | D        | Noticed a flying skull
   292 | D        | Noticed a flying skull
   292 | D        | Noticed a flying skull
   294 | D        | Found Weqa's Assorted Antiques.
   295 | D        | Found Tov Ogri's Antique Weapon Shoppe.
   296 | D        | Found Golifore's Antique Armour Shoppe.
   296 | D        | Found Muc Nypi's Antique Armour Emporium.
   296 | D        | Found Egoxusit's Magic Scroll Shoppe.
   297 | D        | Noticed a blink frog
   302 | D        | Killed a blink frog
   303 | D        | Reached skill level 10 in Fighting
   313 | D        | Found Bennei's Antique Armour Emporium.
   313 | D        | Found Voasch's Distillery.
   314 | D        | Found Tuzycoo's Jewellery Shoppe.
   314 | D        | Found Ymilaluu's Book Shoppe.
   314 | D        | Found Upom's Jewellery Emporium.
   315 | D        | Found Agiakh's Distillery.
   315 | D        | Found Bayrimes's Book Emporium.
   316 | D        | Found Kiacotec's Distillery.
   316 | D        | Found Itiug's Assorted Antiques.
   340 | D        | Identified Roxanne's Compilation of Bedrock
   340 | D        | Noticed Roxanne
   374 | D        | Noticed an oklob plant
   385 | D        | Found Yzotecko's Book Shoppe.
   389 | D        | Noticed a polar bear
   393 | D        | Noticed a polar bear
   409 | D        | Bought a runed hat for 210 gold pieces
   415 | D        | Bought a pair of gloves for 117 gold pieces
   415 | D        | Bought an embroidered scarf for 208 gold pieces
   428 | D        | Bought a pair of boots for 117 gold pieces
   438 | D        | Bought a potion of curing for 39 gold pieces
   438 | D        | Bought a potion of flight for 39 gold pieces
   438 | D        | Bought a potion of heal wounds for 65 gold pieces
   438 | D        | Bought a potion of haste for 130 gold pieces
   438 | D        | Bought a potion of curing for 39 gold pieces
   438 | D        | Bought a potion of curing for 39 gold pieces
   438 | D        | Bought a potion of mutation for 104 gold pieces
   438 | D        | Bought a potion of mutation for 104 gold pieces
   438 | D        | Bought a potion of might for 52 gold pieces
   441 | D        | Bought a ring of protection from cold for 325 gold pieces
   472 | D        | Noticed a death drake
   474 | D        | Noticed a yaktaur
   474 | D        | Noticed a hornet
   474 | D        | Noticed a polar bear
   480 | D        | Noticed a polar bear
   480 | D        | Noticed a polar bear
   495 | D        | Killed a polar bear
   496 | D        | Reached skill level 12 in Unarmed Combat
   498 | D        | Killed a hornet
   501 | D        | Killed a polar bear
   502 | D        | Reached XP level 9. HP: 56/89 MP: 9/9
   517 | D        | Killed a polar bear
   518 | D        | Reached skill level 10 in Stealth
   527 | D        | Killed a yaktaur
   748 | D        | Bought a potion of berserk rage for 70 gold pieces
   748 | D        | Bought a potion of heal wounds for 70 gold pieces
   748 | D        | Bought a potion of heal wounds for 70 gold pieces
   748 | D        | Bought 2 potions of attraction for 84 gold pieces
   752 | D        | Bought a ring of poison resistance for 260 gold pieces
   758 | D        | Bought a dented malachite amulet for 100 gold pieces
   766 | D        | Bought a scroll of identify for 28 gold pieces
   766 | D        | Bought a scroll of identify for 28 gold pieces
   801 | D        | Noticed a kraken
   809 | D        | Reached skill level 10 in Dodging
   809 | D        | Reached skill level 13 in Unarmed Combat
  1081 | D        | Bought a potion of berserk rage for 70 gold pieces
  1081 | D        | Bought a potion of lignification for 42 gold pieces
  1081 | D        | Bought a potion of heal wounds for 70 gold pieces
  1081 | D        | Bought a potion of might for 56 gold pieces
  1081 | D        | Bought a potion of cancellation for 112 gold pieces
  1116 | D        | Noticed a death drake
  1116 | D        | Noticed a crystal guardian
  1126 | D        | HP: 5/135 [death drake/foul vapour (9)]
  1126 | D        | Slain by a death drake

Illustrated notes

Levels and vault maps discovered:
D:        the_violet_keep_of_menkaure [sprint2_stairs_cluster_1,
          sprint2_shoproom, sprint2_temple, sprint2_basic_supplies,
          sprint2_obstacle_1, sprint2_obstacle_2, sprint2_obstacle_6,
          sprint2_obstacle_5, sprint2_obstacle_3, sprint2_timed_cluster_1,
          sprint2_smallroom_cluster_1, sprint2_smallroom_final_cluster_1,
          sprint2_transparent_cluster_1, sprint2_second_timed_cluster_1,
          sprint2_sniper_area_1, sprint2_heavy_combat_area_1,
          sprint2_mutation_trap_area_1, sprint2_forest_area_1,
          sprint2_light_combat_area_1, sprint2_behind_water_1,
          sprint2_near_end_vault_1]

Skill      XL: |  1  2  3  4  5  6  7  8  9 |
---------------+----------------------------+-----
Unarmed Combat | 8 9 10 11 12 13 | 13.3
Fighting       | 4 5 6 8 9 11 12 | 12.1
Dodging        | 3 4 5 6 7 9 10 | 10.3
Stealth        | 3 4 5 6 8 9 10 | 10.4

Action                   |  1- 3 |  4- 6 |  7- 9 || total
-------------------------+-------+-------+-------++-------
Melee: Unarmed           |     9 |    32 |    59 ||   100
       Tailslap          |     2 |     5 |     3 ||    10
       Punch             |     1 |     4 |     2 ||     7
 Abil: Breathe Fire      |       |       |    10 ||    10
  Use: Potion            |     1 |       |     4 ||     5
       Scroll            |       |       |     3 ||     3
 Stab: Sleeping          |       |       |     5 ||     5
Armor: Skin              |       |     6 |    30 ||    36
Dodge: Dodged            |     5 |    18 |    70 ||    93
Block: Other             |       |       |     5 ||     5

Table legend: (Time is in decaauts)
 A = Elapsed time spent in this place.
 B = Non-inter-level travel time spent in this place.
 C = Inter-level travel time spent in this place.
 D = Time resting spent in this place.
 E = Time spent auto-exploring this place.
 F = Levels seen in this place.
 G = Mean time per level.
                   A        B        C        D        E       F      G
               +--------+--------+--------+--------+--------+-----+--------+
         Total |   1159 |   1148 |     11 |    376 |      0 |   1 | 1159.0 |
       Dungeon |   1159 |   1148 |     11 |    376 |      0 |   1 | 1159.0 |
               +--------+--------+--------+--------+--------+-----+--------+

Top non-repeatable levels by time:
       D: 1159 daAuts
